cohdb
Replays
Latest Replays
All Replays
Popular Replays
Top Player Replays
Match Explorer
How It Works
Community
CoH3 Stats
Reddit
Sign in to upload your games and track your stats! →
Sign in with Steam
Match 47466517
Unlisted
Match 47466517
Overview
Messages
Build Orders
End
Construct Section Command Post
Selects Australian Defense Battlegroup
Selects Australian Light Infantry Section
Australian Light Infantry Section
Dingo Light Scout Car
Australian Light Infantry Section
Vickers Machine Gun Team
Construct Platoon Command Post
Humber Armored Car
Selects 2-pounder Anti-tank Gun Team
Humber Armored Car
Light Vehicle Training
Unlock Bishop Self-propelled Artillery
Bishop Self-propelled Artillery
Arnie
Maniax
Olmak
Carecup
Lemme smash
_Steven_
parkkralle
Razor
0
0
Comments
sign in to comment!
No comments posted yet!